 Dungeon Crawl Stone Soup version 0.21.1-1-g345015fe64 (webtiles) character file.

2 DildoBatman the Vexing (level 1, -1/14 HPs)
             Began as a Formicid Enchanter on Mar 13, 2018.
             Slain by a hobgoblin
             ... wielding a +0 club
              (5 damage)
             ... on level 1 of the Dungeon.
             The game lasted 00:00:42 (134 turns).

DildoBatman the Vexing (Formicid Enchanter)          Turns: 134, Time: 00:00:43

Health: -1/14      AC:  3    Str: 12    XL:     1   Next: 33%
Magic:  2/3        EV: 11    Int: 14    God:
Gold:   8          SH:  0    Dex: 11    Spells: 3/4 levels left

rFire    . . .     SeeInvis +   a - +1 dagger
rCold    . . .     Gourm    .   (no shield)
rNeg     . . .     Faith    .   f - +0 leather armour
rPois    .         Spirit   .   (helmet unavailable)
rElec    .         Reflect  .   (no cloak)
rCorr    .         Harm     .   (no gloves)
MR       .....                  (no boots)
Stlth    ++........             (no amulet)
HPRegen  0.04/turn              (no ring)
MPRegen  0.08/turn              (no ring)

@: no status effects
A: permanent stasis, dig shafts and tunnels, four strong arms, antennae 3
a: Dig, Shaft Self


You were on level 1 of the Dungeon.
You were not hungry.

You visited 1 branch of the dungeon, and saw 1 of its levels.

You collected 8 gold pieces.

Inventory:

Hand Weapons
 a - a +1 dagger (weapon)
Missiles
 b - 19 sling bullets
Armour
 f - a +0 leather armour (worn)
Jewellery
 g - an uncursed ring of stealth {unknown}
Potions
 d - a potion of curing {unknown}
 e - a potion of brilliance {unknown}
Books
 c - a book of Maledictions

   Spells                             Type                      Level
   a - Corona                         Hexes                        1
   b - Ensorcelled Hibernation        Hexes/Ice                    2
   c - Confuse                        Hexes                        3
   d - Tukima's Dance                 Hexes                        3
   e - Dazzling Spray                 Conjuration/Hexes            3
Comestibles
 v - a ration


   Skills:
 * Level 0.7 Fighting
 - Level 1.0 Short Blades
 - Level 1.7 Dodging
 - Level 3.6 Stealth
 - Level 2.1 Spellcasting
 - Level 3.6 Hexes


You had 3 spell levels left.
You knew the following spells:

 Your Spells              Type           Power        Failure   Level  Hunger
a - Corona                Hex            ##.....      7%          1    #......


Dungeon Overview and Level Annotations

Branches:
Dungeon (1/15)

Altars:

Annotations:
D:1 exclusion: naga


Innate Abilities, Weirdness & Mutations

You cannot be hasted, slowed, berserked, paralysed or teleported.
You can dig through walls and to a lower floor.
Your four strong arms can wield two-handed weapons with a shield.
You have a pair of large antennae on your head. (SInv)


Message History

The hobgoblin barely resists.
The hobgoblin barely misses you.
You closely miss the hobgoblin.
The hobgoblin is lightly wounded.
You closely miss the hobgoblin.
The hobgoblin is lightly wounded.
The hobgoblin hits you with a club.
You closely miss the hobgoblin.
The hobgoblin is lightly wounded.
The hobgoblin closely misses you.
You hit the hobgoblin but do no damage.
The hobgoblin is lightly wounded.
The hobgoblin hits you with a club.
You hit the hobgoblin.
The hobgoblin is heavily wounded.
The hobgoblin hits you but does no damage.
You closely miss the hobgoblin.
The hobgoblin is heavily wounded.
The hobgoblin hits you with a club.
You die...

#.##########....# #.#
###..# #.# #..#
#.############..#
#......[........#
##..........)...########.#
#.###########...........#
#.# #.########### #.# #@#
#.# #.g...... #.#
######### #.. { { {


You could see a hobgoblin.

Vanquished Creatures
  A goblin (D:1)
  A frilled lizard (D:1)
2 creatures vanquished.

Notes
Turn   | Place    | Note
-------+----------+-------------------------------------------
     0 | D:1      | DildoBatman the Formicid Enchanter began the quest for the Orb.
     0 | D:1      | Reached XP level 1. HP: 13/13 MP: 3/3
     2 | D:1      | Noticed a naga
     2 | D:1      | Noticed an ogre
     4 | D:1      | Noticed a vampire
     4 | D:1      | Noticed a ghoul
     6 | D:1      | Noticed a dwarf
     6 | D:1      | Noticed a formicid
     8 | D:1      | Noticed a vine stalker
     8 | D:1      | Noticed an octopode
    10 | D:1      | Noticed a troll
    12 | D:1      | Noticed a spriggan
    12 | D:1      | Noticed a gargoyle
    14 | D:1      | Noticed a felid
    14 | D:1      | Noticed a draconian
    16 | D:1      | Noticed a centaur
    16 | D:1      | Noticed a demonspawn
    18 | D:1      | Noticed a halfling
    18 | D:1      | Noticed a minotaur
    20 | D:1      | Noticed a tengu
    22 | D:1      | Noticed a demigod
    24 | D:1      | Noticed a merfolk
    24 | D:1      | Noticed an elf
    26 | D:1      | Noticed a human
   134 | D:1      | Slain by a hobgoblin

Action                   || total
-------------------------++-------
Melee: Dagger            ||    12
 Cast: Corona            ||     1
 Stab: Sleeping          ||     2
Dodge: Dodged            ||     4
